AoeStats
← gnitaek

Nomad

509741754Analyzed
4v4 RM · 4d ago on Sep 27, 2026· 53m 57s· 8 players
Game mode
Random Map
Map size
231×231
Population
200
Speed
Normal
Resources
Standard
Victory
Conquest
Starting age
Dark Age
Ending age
Imperial Age
RankedLock teamsTeams togetherTeam positionsShared explorationLock speedFull tech treeHidden civsTurbo modeCheats
Victory
Defeat
🇦🇷 Danes · Argentina
1358
+10
🇺🇸 Dravidians · United States
1334
+11
🇬🇧 Varangians · United Kingdom
1303
+13
1263
+14
🇮🇪 Mapuche · Ireland
1313
-15
🇮🇪 Koreans · Ireland
1224
-12
🇮🇪 Varangians · Ireland
1223
-12
🇮🇪 Japanese · Ireland
1148
-9
Ham Shank
4:29 Loom
14:08 Feudal Age
15:26 Double-Bit Axe
18:54 Castle Age
17:48 Fishing Lines
20:18 Wheelbarrow
19:52 Scale Barding Armor
19:59 Forging
19:42 Gillnets
21:36 Bloodlines
21:27 Husbandry
24:03 Chain Barding Armor
24:16 Stone Mining
25:39 Iron Casting
25:53 Bow Saw
29:30 Ballistics
30:12 Hand Cart
30:37 Horse Collar
31:53 Clinker Construction
31:54 Town Watch
34:40 Imperial Age
33:34 Masonry
36:29 Conscription
38:38 Fletching
39:52 Heavy Plow
40:36 Plate Barding Armor
43:08 Bodkin Arrow
44:37 Elite Jarl
50:49 Carvel Hull
51:32 Chemistry
53:46 Blast Furnace
+elko4+ -on the road to 0MMR
7:22 Loom
14:14 Feudal Age
14:59 Double-Bit Axe
18:31 Castle Age
16:29 Fishing Lines
20:10 Scale Barding Armor
24:37 Bloodlines
25:16 Chain Barding Armor
25:07 Forging
26:47 Wheelbarrow
27:35 Fletching
42:47 Gillnets
44:27 Husbandry
45:11 Hand Cart
45:00 Gold Mining
46:15 Iron Casting
48:53 Imperial Age
48:10 Town Watch
50:21 Plate Barding Armor
51:55 Scale Mail Armor
51:51 Cavalier
Candy Man
5:02 Loom
12:27 Feudal Age
19:34 Castle Age
Brrrrrh
5:11 Loom
12:54 Feudal Age
14:14 Double-Bit Axe
15:21 Gold Mining
18:57 Fletching
25:44 Castle Age
25:40 Forging
26:35 Bodkin Arrow
31:17 Scale Mail Armor
31:22 Arson
31:38 Squires
32:41 Town Watch
34:59 Wheelbarrow
34:29 Gambesons
34:50 Padded Archer Armor
40:55 Imperial Age
39:38 Murder Holes
40:59 Bow Saw
42:06 Horse Collar
45:37 Bow Saw
46:25 Bracer
47:43 Conscription
49:10 Leather Archer Armor
50:56 Ring Archer Armor
51:25 Thumb Ring
51:38 Elite Elephant Archer
52:30 Medical Corps
53:45 Ballistics
55:10 Chemistry
gnitaek
4:59 Loom
12:40 Feudal Age
12:49 Man-at-Arms
13:26 Double-Bit Axe
13:42 Arson
15:43 Scale Mail Armor
20:09 Castle Age
20:50 Long Swordsman
24:25 Fishing Lines
30:52 Wheelbarrow
31:20 Horse Collar
32:35 Hand Cart
32:35 Bloodlines
37:17 Squires
44:31 Imperial Age
42:12 Town Watch
42:36 Husbandry
43:00 Scale Barding Armor
43:05 Forging
45:28 Chain Barding Armor
47:06 Plate Barding Armor
47:06 Iron Casting
47:01 Cavalier
49:16 Conscription
51:37 Vendel Legacy
Darkham
4:18 Loom
13:21 Feudal Age
21:11 Wheelbarrow
24:48 Castle Age
24:07 Double-Bit Axe
25:35 Man-at-Arms
38:31 Scale Mail Armor
berserker-latko
7:31 Loom
14:16 Feudal Age
17:15 Fletching
23:18 Castle Age
21:24 Fishing Lines
27:09 Scale Mail Armor
28:26 Squires
29:24 Forging
32:16 Crossbowman
36:56 Chain Mail Armor
40:51 Iron Casting
41:27 Bodkin Arrow
40:56 Elite Skirmisher
46:40 Ballistics
Runtime
12:47 Feudal Age
11:04 Loom
13:28 Double-Bit Axe
18:37 Scale Mail Armor
18:47 Forging
21:41 Castle Age
20:24 Fletching
21:06 Gold Mining
22:29 Bodkin Arrow
24:40 Ballistics
24:32 Pikeman
43:08 Malon
45:47 Imperial Age
45:45 Padded Archer Armor
50:42 Elite Bolas Rider
Connection lost

Rejoining the realm…

Still unreachable

The connection could not be restored.

Session expired

The server has moved on; the page needs a fresh start.